 Dungeon Crawl Stone Soup version 0.30-a0-439-g9e77e4d916 (webtiles) character file.

Game seed: 16310167278080250844

128849 Midn8 the Impaler (level 17, 0/166 HPs)
             Began as a Naga Wanderer on Dec 11, 2022.
             Was the Champion of Lugonu.
             Slain by a culicivora (12 damage)
             ... on level 4 of the Spider Nest.
             The game lasted 01:27:25 (31181 turns).

Midn8 the Impaler (Naga Wanderer)                  Turns: 31181, Time: 01:27:26

Health: 0/166      AC: 36    Str: 22    XL:     17   Next: 4%
Magic:  24/27      EV:  7    Int: 11    God:    Lugonu [******]
Gold:   848        SH:  0    Dex: 13    Spells: 16/16 levels left

rFire   . . .      SeeInvis +    u - +3 glaive (distort)
rCold   . . .      Faith    .    (shield currently unavailable)
rNeg    . . .      Spirit   .    t - +4 plate armour
rPois   +          Reflect  +    Q - +2 helmet
rElec   .          Harm     .    T - +0 cloak {Stlth+}
rCorr   .          Rampage  .    C - +2 pair of gloves
Will    ++...                    V - +0 barding
Stlth   ..........               r - amulet of reflection
HPRegen 0.47/turn                n - +4 ring of evasion
MPRegen 0.20/turn                M - +4 ring of protection

@: confused, ambrosia-drunk, very slightly contaminated, studying Invocations,
invisible (expiring), very slow
A: AC +5, large, see invisible, deformed body, poison resistance, slowness 2,
spit poison 1, naga tail 2
a: Spit Poison, Renounce Religion, Depart the Abyss, Banish, Corrupt, Enter the
Abyss


You were on level 4 of the Spider Nest.
You worshipped Lugonu.
Lugonu was exalted by your worship.
You visited 4 branches of the dungeon, and saw 26 of its levels.

You collected 2510 gold pieces.
You spent 1662 gold pieces at shops.

Inventory:

Hand Weapons
 u - a +3 glaive of distortion (weapon)
Missiles
 g - 3 boomerangs of dispersal
 o - 192 stones
 q - 30 boomerangs
 y - a curare-tipped dart
 B - 2 throwing nets
 N - 6 javelins
 O - 39 poisoned darts (quivered)
 Z - 3 datura-tipped darts
Armour
 f - a +1 chain mail of willpower
 t - a +4 plate armour (worn)
 C - a +2 pair of gloves (worn)
 Q - a +2 helmet (worn)
 T - a +0 cloak of stealth (worn)
 V - a +0 barding (worn)
Jewellery
 n - a +4 ring of evasion (left hand)
 r - an amulet of reflection (around neck)
 v - a ring of resist corrosion
 L - a ring of flight
 M - a +4 ring of protection (right hand)
 U - a ring of protection from cold
Wands
 a - a wand of polymorph (4)
 c - a wand of flame (28)
 x - a wand of paralysis (18)
 G - a wand of mindburst (18)
 K - a wand of roots (25)
 W - a wand of light (6)
 Y - a wand of digging (9)
Scrolls
 d - 8 scrolls of teleportation
 e - 6 scrolls of fear
 i - 2 scrolls of summoning
 k - 3 scrolls of blinking
 w - 7 scrolls of butterflies
 D - 7 scrolls of identify
 H - 3 scrolls of immolation
 R - 2 scrolls of silence
 X - 4 scrolls of magic mapping
Potions
 b - a potion of cancellation
 h - 5 potions of haste
 l - a potion of berserk rage
 m - 2 potions of resistance
 s - 3 potions of magic
 z - 5 potions of mutation
 A - a potion of heal wounds
 E - 7 potions of brilliance
 F - 16 potions of ambrosia
 I - 8 potions of flight
 J - 3 potions of might
 P - 3 potions of invisibility
 S - 4 potions of curing
Miscellaneous
 j - a lightning rod (4/4)
 p - a phial of floods


   Skills:
 - Level 14.0 Fighting
 - Level 1.0 Long Blades
 - Level 18.0 Polearms
 - Level 12.0 Throwing
 + Level 8.9 Armour
 - Level 1.5 Dodging
 - Level 1.5 Stealth
 - Level 6.0 Unarmed Combat
 - Level 14.0 Invocations


You had 16 spell levels left.
You didn't know any spells.
Your spell library contained the following spells:

 Spells                   Type           Power      Damage    Failure   Level
 Freeze                   Ice            0%         1d3       99%         1
 Necrotise                Necr           0%         1d4       99%         1
 Slow                     Hex            0%         N/A       99%         1
 Cigotuvi's Dreadful Rot  Necr/Pois/Air  0%         N/A       100%        2
 Poisonous Vapours        Pois/Air       0%         N/A       100%        2
 Static Discharge         Conj/Air       0%         2-2/arc   100%        2
 Confusing Touch          Hex            0%         N/A       100%        3
 Dazzling Flash           Conj/Hex       0%         N/A       100%        3
 Frozen Ramparts          Ice            0%         1d1       100%        3
 Hailstorm                Conj/Ice       0%         3d3       100%        3
 Inner Flame              Hex/Fire       0%         N/A       100%        3
 Mephitic Cloud           Conj/Pois/Air  0%         N/A       100%        3
 Ozocubu's Armour         Ice            0%         N/A       100%        3
 Portal Projectile        Hex/Tloc       0%         N/A       100%        3
 Tukima's Dance           Hex            0%         N/A       100%        3
 Vampiric Draining        Necr           0%         2d6       100%        3
 Vhi's Electric Charge    Tloc/Air       0%         N/A       100%        3
 Dispel Undead            Necr           0%         3d6       100%        4
 Flame Wave               Conj/Fire      0%         2d4       100%        4
 Ice Form                 Ice/Tmut       0%         N/A       100%        4
 Iskenderun's Mystic Bla  Conj/Tloc      0%         2d3       100%        4
 Sticky Flame             Conj/Fire      0%         2d3       100%        4
 Summon Ice Beast         Ice/Summ       0%         N/A       100%        4
 Agony                    Necr           0%         N/A       100%        5
 Arcjolt                  Conj/Air       0%         1d10      100%        5
 Blade Hands              Tmut           0%         N/A       100%        5
 Irradiate                Conj/Tmut      0%         3d11      100%        5
 Lightning Bolt           Conj/Air       0%         1d11      100%        5
 Metabolic Englaciation   Hex/Ice        0%         N/A       100%        5
 Summon Mana Viper        Hex/Summ       0%         N/A       100%        5
 Death Channel            Necr           0%         N/A       100%        6
 Simulacrum               Ice/Necr       0%         N/A       100%        6
 Starburst                Conj/Fire      0%         6d3       100%        6
 Dragon Form              Tmut           0%         N/A       100%        7
 Monstrous Menagerie      Summ           0%         N/A       100%        7


Dungeon Overview and Level Annotations

Branches:
Dungeon (15/15)            Temple (0/1) D:6            Lair (5/5) D:8
  Swamp (0/4) Lair:3       Spider (4/4) Lair:3        Slime (0/5) Lair:4
    Orc (2/2) D:9             Elf (0/3) Orc:2        Vaults (0/5) D:13
 Depths (0/4) D:15

Altars:
Cheibriados
Gozag
Nemelex Xobeh
Okawaru
Trog
Xom
Zin
Jiyva
Lugonu

Shops:
D:3 :   D:5 *   D:11 :   Orc:1 :   Orc:2 *(

Portals:
Abyss: D:4

Annotations:
D:7 3 runed translucent doors, indyram44's ghost, novice AtFi
Lair:5 corrupted
Spider:2 3 runed translucent doors, Lahaam's ghost, adept MiBe
Spider:4 corrupted, 2 exclusions
Orc:1 1 runed translucent door
Orc:2 exclusion: door
Abyss:1 Maggie; Nessos


Innate Abilities, Weirdness & Mutations

Your serpentine skin is tough. (AC +5)
You have supernaturally acute eyesight. (SInv)
Armour fits poorly on your strangely shaped body.
Your system is resistant to poisons. (rPois)
You cover ground very slowly.
You can spit poison.
You can use your snake-like lower body to constrict enemies.


Message History

The eight-headed hydra skeleton bites the jumping spider.
You hear a faint skittering sound.
Unknown command.
Unknown command.
You are confused.
You feel invigorated.
The jumping spider pounces on the eight-headed hydra skeleton.
The jumping spider bites the eight-headed hydra skeleton.
The culicivora bites you but does no damage.
The redback bites you but does no damage.
The jumping spider pounces on the eight-headed hydra skeleton.
A web harmlessly splats on the eight-headed hydra skeleton.
The jumping spider bites the eight-headed hydra skeleton!
The culicivora barely misses you.
You hear a faint skittering sound.
A culicivora comes into view.
The redback barely misses you.
The jumping spider leaps!
The culicivora bites you!
* * * LOW HITPOINT WARNING * * *
The culicivora draws strength from your injuries!
The redback bites you but does no damage.
You hear a faint skittering sound.
Unknown command.
You hit the redback.
Space warps around the redback.
You kill the redback!
Lugonu accepts your kill.
You flicker for a moment.
A redback comes into view.
The culicivora barely misses you.
You slash the culicivora!
Space warps horribly around the culicivora!
The culicivora is almost dead.
The culicivora bites you!
* * * LOW HITPOINT WARNING * * *
The culicivora draws strength from your injuries!
You hear a faint skittering sound.
The culicivora bites you but does no damage.
The eight-headed hydra skeleton bites something!
The culicivora bites you!
You die...

#~^^#sH#s,,,,*,,,,,,^**
#...#s.#,,,,#.,,,,,,,,**
#^#.3sss†.X#.^*,,,,,,~,*
##..W3ss#†.##.#^,,,,,,,*
*#.....X##......,^,,,,,,*
#......#.°...#.#,,,,,,,,*
##......Zs...#.##~,^,,,,*
#.#...##......~^#^,,,,,,**
#^.....#^......@#,,,,,,,~*
*,,,,,,*#.?.$.†s#,,,,,,,~*
*^,,,,,,#^....†§#~,,,,,,,*
*,,,,,,,##^....^#^~,,,,,~*
*^,,,,,^,#^^#^#^#*,,,,,,,*
**,,^,,,~##^^.^.#***,,,,,*
*,,,,,,**#......*,**,,^^*
*^,,,,**,#^....^#,,**,,**
*^,,***,,#......#,,,****


You could see a culicivora (unable to see you), a redback (wandering, unable to
see you) and a neutral eight-headed hydra skeleton (summoned, unable to see
you).

Vanquished Creatures
  Jorgrun (Lair:3)
  Rupert (Lair:4)
  Gastronok (Lair:1)
  A ghost moth (Spider:3)
  An orc warlord (Orc:2)
  3 spark wasps
  Josephine (D:12)
  4 entropy weavers
  2 fire dragons
  Harold (Lair:2)
  3 vault guards (D:13)
  2 catoblepae
  2 jorogumos
  5 centaur warriors
  Erica (D:8)
  3 boulder beetles
  9 two-headed ogres
  6 tengu warriors
  Amaemon (D:8)
  3 pharaoh ants
  6 orb spiders
  A swamp dragon (Lair:5)
  4 steelbarb worms
  A bog body (Lair:3)
  Pikel (D:6)
  5 orc knights
  2 deep elf pyromancers
  7 ugly things
  5 orc sorcerers
  8 wolf spiders
  3 manticores
  5 cyclopes
  5 black mambas
  9 elephants
  Maurice (D:8)
  2 torpor snails
  4 gargoyles
  14 cane toads
  4 demonic crawlers
  A yaktaur (D:14)
  2 efreet (D:13)
  5 rime drakes
  A kobold demonologist (D:10)
  8 komodo dragons
  3 tengu conjurers
  12 tarantellas
  A queen bee (Lair:2)
  9 trolls
  3 hornets
  Grinder (D:6)
  Prince Ribbit (D:6)
  9 slime creatures
  11 blink frogs
  13 culicivoras
  15 jumping spiders
  4 dream sheep (Lair:3)
  Sigmund (D:2)
  A shadow (D:11)
  28 yaks
  16 wyverns
  9 wraiths
  Eustachio (D:4)
  A hog (shapeshifter) (D:14)
  7 basilisks
  10 humans
  58 redbacks
  2 steam dragons
  Edmund (D:6)
  6 wargs
  3 vampire mosquitoes (D:13)
  20 water moccasins
  2 acid dragons
  2 ice beasts
  36 orc warriors
  2 sky beasts (D:7)
  2 black bears
  3 swamp drakes (Lair:5)
  15 ogres
  10 wolves
  12 centaurs
  2 kobold brigands
  2 lemures (D:6)
  11 bullfrogs
  3 necrophages
  A gnoll sergeant (D:5)
  3 scorpions (D:5)
  31 killer bees
  6 howler monkeys
  2 electric eels (Lair:4)
  A gnoll bouda (Lair:3)
  A jelly (D:6)
  24 orc priests
  3 hounds
  Terence (D:2)
  5 iguanas
  Natasha (thrice) (D:2)
  27 orc wizards
  15 hell rats
  11 gnolls
  13 adders
  A shadow imp (D:5)
  A white imp (D:6)
  An ufetubus (D:6)
  2 worms
  2 dart slugs
  An orc (shapeshifter) (D:13)
  111 orcs
  4 bats
  5 endoplasms
  8 giant cockroaches
  18 goblins
  11 hobgoblins
  3 quokkas
  6 ball pythons
  2 frilled lizards (D:1)
  16 kobolds
  14 rats
856 creatures vanquished.

Vanquished Creatures (collateral kills)
  A cane toad (Lair:1)
1 creature vanquished.

Vanquished Creatures (others)
  A ghost moth (Spider:4)
  A hydra (Lair:5)
  A jorogumo (Spider:4)
  An orb spider (Spider:4)
  6 wolf spiders
  A moth of wrath (Spider:4)
  A black mamba (Lair:5)
  A guardian serpent (Lair:5)
  3 cane toads (Lair:5)
  A hornet (Lair:5)
  2 tarantellas (Spider:4)
  2 jumping spiders (Spider:4)
  3 culicivoras (Spider:4)
  5 redbacks
  An iguana (Lair:5)
  A bush (Lair:2)
  43 fungi
  A lurking horror (D:4)
  113 plants
  2 starspawn tentacles (Lair:5)
190 creatures vanquished.

Grand Total: 1047 creatures vanquished

Notes
Turn   | Place    | Note
-------+----------+-------------------------------------------
     0 | D:1      | Midn8 the Naga Wanderer began the quest for the Orb.
     0 | D:1      | Midn8 set off with the following items: a +2 dagger, a
                  | curare-tipped dart, a +0 falchion, a scroll of
                  | teleportation, a scroll of fear, a +0 leather armour.
     0 | D:1      | Reached XP level 1. HP: 18/18 MP: 1/1
   128 | D:1      | Reached skill level 1 in Unarmed Combat
   188 | D:1      | Reached XP level 2. HP: 20/25 MP: 2/2
   515 | D:1      | Reached XP level 3. HP: 31/31 MP: 3/3
  1101 | D:2      | Noticed Natasha
  1115 | D:2      | Killed Natasha
  1116 | D:2      | Reached XP level 4. HP: 19/38 MP: 4/4
  1258 | D:2      | Noticed Sigmund
  1271 | D:2      | Killed Sigmund
  1272 | D:2      | Reached skill level 5 in Unarmed Combat
  1272 | D:2      | Reached XP level 5. HP: 39/44 MP: 5/5
  1272 | D:2      | Reached XP level 6. HP: 46/51 MP: 6/6
  1505 | D:2      | Noticed Natasha
  1511 | D:2      | Killed Natasha
  1559 | D:2      | Noticed Terence
  1568 | D:2      | Killed Terence
  1603 | D:2      | Noticed Natasha
  1614 | D:2      | Killed Natasha
  2046 | D:3      | Found a faded altar of an unknown god.
  2055 | D:3      | Prayed at the altar of an unknown god.
  2055 | D:3      | Became a worshipper of Lugonu the Unformed
  2055 | D:3      | Reached * piety under Lugonu
  2055 | D:3      | Reached ** piety under Lugonu
  2157 | D:3      | Found Uzaeh's Vocational Training.
  2697 | D:4      | Found the amulet of Elemental Vulnerability {rPois rF--
                  | rC-- AC+8}
  2705 | D:4      | Reached XP level 7. HP: 62/62 MP: 7/7
  2717 | D:4      | Noticed Eustachio
  2747 | D:4      | Killed Eustachio
  3106 | D:4      | Found a one-way gate to the infinite horrors of the Abyss.
  3106 | D:4      | Found a corrupted altar of Lugonu.
  3336 | D:4      | Reached *** piety under Lugonu
  3469 | D:5      | Entered Level 5 of the Dungeon
  3582 | D:5      | Reached skill level 1 in Armour
  3609 | D:5      | Reached XP level 8. HP: 65/72 MP: 11/11
  3707 | D:5      | Reached skill level 1 in Polearms
  3783 | D:5      | Reached skill level 2 in Polearms
  3883 | D:5      | Found Hulium's General Store.
  3889 | D:5      | Bought a +1 chain mail of cold resistance for 181 gold
                  | pieces
  3889 | D:5      | Bought a scroll of teleportation for 33 gold pieces
  3889 | D:5      | Bought a scroll of identify for 22 gold pieces
  4002 | D:5      | Reached skill level 3 in Polearms
  4064 | D:5      | Reached skill level 4 in Polearms
  4258 | D:5      | Reached skill level 5 in Polearms
  4334 | D:5      | Found a bloodstained altar of Trog.
  4431 | D:6      | Reached skill level 6 in Polearms
  4487 | D:5      | Reached XP level 9. HP: 68/78 MP: 12/12
  4519 | D:6      | Reached skill level 7 in Polearms
  4520 | D:6      | Reached **** piety under Lugonu
  4524 | D:6      | Found a staircase to the Ecumenical Temple.
  4578 | D:6      | Found an opulent altar of Gozag.
  4632 | D:6      | Noticed Grinder
  4638 | D:6      | Killed Grinder
  4670 | D:6      | Noticed Edmund
  4677 | D:6      | Killed Edmund
  4678 | D:6      | Reached skill level 8 in Polearms
  4837 | D:6      | Noticed Prince Ribbit
  4855 | D:6      | Killed Prince Ribbit
  4856 | D:6      | Reached skill level 5 in Invocations
  4888 | D:6      | Noticed Pikel
  4901 | D:6      | Killed Pikel
  4902 | D:6      | Reached skill level 5 in Fighting
  5474 | D:7      | Reached XP level 10. HP: 76/91 MP: 15/15
  5528 | D:7      | Found a runed translucent gate.
  5528 | D:7      | Found a runed translucent gate.
  5528 | D:7      | Found a runed translucent gate.
  5664 | D:7      | Noticed indyram44's ghost (novice AtFi)
  5671 | D:7      | Noticed a cyclops
  6025 | D:7      | Reached skill level 5 in Throwing
  6551 | D:8      | Noticed a two-headed ogre
  6566 | D:8      | Killed a two-headed ogre
  6644 | D:8      | Noticed Amaemon
  6663 | D:8      | Killed Amaemon
  6666 | D:8      | Noticed an orange demon
  6669 | D:8      | Banished an orange demon
  6670 | D:8      | Reached skill level 9 in Polearms
  6920 | D:8      | You fall into a shaft and drop 1 floor!
  6969 | D:9      | Identified the +6 flail "Ehaf" {antimagic, Fragile rPois
                  | Int+5}
  7038 | D:8      | Noticed Maurice
  7054 | D:8      | Killed Maurice
  7167 | D:8      | Reached skill level 10 in Polearms
  7451 | D:8      | Noticed Erica
  7460 | D:8      | Killed Erica
  7461 | D:8      | Reached XP level 11. HP: 95/100 MP: 17/17
  7554 | D:8      | Found a staircase to the Lair.
  8023 | D:9      | Noticed a deep elf pyromancer
  8060 | D:9      | Killed a deep elf pyromancer
  8106 | D:9      | Noticed a manticore
  8119 | D:9      | Killed a manticore
  8264 | D:9      | Found a staircase to the Orcish Mines.
  8291 | D:9      | Reached skill level 11 in Polearms
  8687 | D:10     | Entered Level 10 of the Dungeon
  9104 | D:10     | Found a glowing silver altar of Zin.
  9322 | D:10     | Found a sparkling altar of Nemelex Xobeh.
  9361 | D:10     | Reached skill level 12 in Polearms
  9412 | D:10     | Found a shimmering altar of Xom.
  9412 | D:10     | Found a snail-covered altar of Cheibriados.
  9563 | Lair:1   | Entered Level 1 of the Lair of Beasts
  9717 | Lair:1   | Reached XP level 12. HP: 111/111 MP: 18/18
  9725 | Lair:1   | Noticed Maggie
  9735 | Lair:1   | Reached ***** piety under Lugonu
  9745 | Lair:1   | Banished Maggie
 10295 | Lair:1   | Noticed Gastronok
 10316 | Lair:1   | Killed Gastronok
 10317 | Lair:1   | Reached skill level 10 in Fighting
 10661 | Lair:1   | Noticed a boulder beetle
 10670 | Lair:1   | Killed a boulder beetle
 11190 | Lair:2   | Reached skill level 13 in Polearms
 11274 | Lair:2   | Noticed Harold
 11291 | Lair:2   | Killed Harold
 11503 | Lair:2   | Reached skill level 14 in Polearms
 11527 | Lair:2   | Reached skill level 5 in Armour
 12142 | Lair:2   | Gained mutation: You can use your snake-like lower body to
                  | constrict enemies. [Naga growth]
 12142 | Lair:2   | Reached XP level 13. HP: 111/123 MP: 19/19
 12536 | Lair:3   | Found a staircase to the Swamp.
 12846 | Lair:3   | Found a hole to the Spider Nest.
 13911 | Lair:4   | Reached skill level 10 in Invocations
 13965 | Lair:4   | Found a viscous altar of Jiyva.
 13965 | Lair:4   | Found a staircase to the Slime Pits.
 14143 | Lair:4   | Noticed Rupert
 14156 | Lair:4   | Killed Rupert
 14468 | Lair:5   | Entered Level 5 of the Lair of Beasts
 15458 | Lair:5   | Reached XP level 14. HP: 136/138 MP: 21/21
 15661 | Lair:5   | Reached ****** piety under Lugonu
 15891 | Lair:5   | Corrupted Lair:5
 15892 | Lair:5   | Noticed a tentacled starspawn
 15893 | Lair:5   | Noticed a purple very ugly thing
 15906 | Lair:5   | Noticed a tentacled starspawn
 15909 | Lair:5   | Noticed a tentacled starspawn
 17314 | D:11     | Found Ritsiefuo's Book Boutique.
 17416 | D:11     | Found an iron altar of Okawaru.
 18008 | D:12     | Noticed Josephine
 18016 | D:12     | Killed Josephine
 18439 | D:13     | Reached skill level 10 in Throwing
 18540 | D:13     | Noticed Nessos
 18558 | D:13     | Banished Nessos
 19123 | D:13     | Identified the +9 shortbow of the Extremes {flame, rElec}
 19359 | D:13     | Found a gate to the Vaults.
 19443 | D:13     | Reached XP level 15. HP: 144/144 MP: 22/22
 19626 | D:13     | Identified a +2 glaive of distortion (a +0 glaive corrupted
                  | by Lugonu)
 19626 | D:13     | Received a gift from Lugonu
 20577 | D:15     | Entered Level 15 of the Dungeon
 21249 | Orc:1    | Entered Level 1 of the Orcish Mines
 21404 | Orc:1    | Found Pukh's Book Emporium.
 21441 | Orc:1    | Bought a manual of Invocations for 880 gold pieces
 21701 | Orc:1    | Found a dark tunnel.
 21768 | Orc:1    | Found a runed translucent door.
 21771 | Orc:1    | Noticed a balrug
 21956 | Orc:2    | Entered Level 2 of the Orcish Mines
 22320 | Orc:2    | Reached skill level 15 in Polearms
 22657 | Orc:2    | Found Zoitan's Assorted Antiques.
 22706 | Orc:2    | Bought a shiny plate armour for 546 gold pieces
 22952 | Orc:2    | Found Zeda's Antique Weapon Shop.
 23189 | Orc:2    | Noticed an orc warlord
 23213 | Orc:2    | Killed an orc warlord
 23371 | Orc:2    | Found a staircase to the Elven Halls.
 24097 | D:15     | Reached skill level 16 in Polearms
 24245 | D:15     | Reached XP level 16. HP: 104/159 MP: 23/23
 24384 | D:15     | Found a staircase to the Depths.
 24999 | Spider:1 | Entered Level 1 of the Spider Nest
 24999 | Spider:1 | Noticed Jorgrun
 25148 | Lair:3   | HP: 6/159 [wolf spider (13)]
 25167 | Lair:3   | HP: 3/159 [wolf spider (16)]
 25647 | Lair:3   | Killed Jorgrun
 26072 | Lair:3   | Reached skill level 17 in Polearms
 27106 | Spider:2 | Found a runed translucent gate.
 27106 | Spider:2 | Found a runed translucent gate.
 27107 | Spider:2 | Found a runed translucent gate.
 27109 | Spider:2 | Noticed Lahaam's ghost (adept MiBe)
 28469 | Spider:2 | Reached skill level 18 in Polearms
 30201 | Spider:4 | Entered Level 4 of the Spider Nest
 30801 | Spider:4 | Reached XP level 17. HP: 113/166 MP: 27/27
 31162 | Spider:4 | Corrupted Spider:4
 31162 | Spider:4 | Noticed a bone dragon
 31162 | Spider:4 | Noticed a bone dragon
 31178 | Spider:4 | HP: 7/166 [culicivora (16)]
 31181 | Spider:4 | Slain by a culicivora

Illustrated notes

Levels and vault maps discovered:
D:1:      pf_arrival_petrified_forest, layout_loops_ring, grunt_decor_cap,
          serial_park_tiny_1
D:2:      layout_loops_ring, minivault_27, minmay_tree_intersection,
          minmay_rat_gold_closets, uniq_sigmund, uniq_terence, uniq_natasha
D:3:      layout_rooms, chequers_ecumenical_altar_simple_redux,
          nicolae_shop_vocational
D:4:      cheibrodos_greedy_goblins, layout_cave_pods,
          amcnicky_altar_lugonu_corruption, uniq_eustachio
D:5:      layout_loops_cross, trog_antimagical, serial_shops, shop,
          minmay_door_square, kennysheep_generic_room_15
D:6:      layout_loops_ring, mainiacjoe_overflow_six_doors_small,
          minmay_temple_entry_glass, uniq_prince_ribbit1, uniq_edmund,
          uniq_grinder, uniq_pikel
D:7:      layout_basic, gammafunk_ghost_split
D:8:      layout_loops_cross, lair_entry_dummy, uniq_maurice, uniq_amaemon,
          uniq_erica
D:9:      layout_roguey, erik_orc_4, special_room [special_room_orc],
          kennysheep_generic_room_14
D:10:     layout_loops_cross, mainiacjoe_overflow_surrounded_room,
          nemelex_diamond_rough_becter, gammafunk_temple_overflow_pools
D:11:     layout_stronghold, gauntlet_entry_generic, serial_shops, shop,
          hellmonk_okawaru_the_only_friend_you_need
D:12:     layout_cross, uniq_josephine
D:13:     layout_irregular_city, ximxim_vaults_locker_room, grunt_potential,
          uniq_nessos
D:14:     layout_rooms, infiniplex_staircase_zigzag_4
D:15:     grunt_enter_depths_snipers, layout_cave_pools
Lair:1:   minmay_lair_venomous_thicket, layout_cave_shapes, grunt_megastairs_2,
          uniq_gastronok, uniq_maggie
Lair:2:   layout_roguey [special_room_bee], grunt_forest_small_clearing_treed,
          grunt_megastairs_4, serial_bayou_shore_a, uniq_harold
Lair:3:   layout_cellular_growth, skrybe_swamp_entry_bodies,
          hellmonk_spider_entry_life_and_decay, dreamdust_gnoll_shepherd
Lair:4:   layout_gridlike, dpeg_slime_entry_corner, serial_bayou,
          serial_bayou_crossing, serial_bayou_lagoon_a, serial_bayou_shore_b,
          serial_bayou_pond_e, serial_bayou_shore_b, serial_bayou_pond_a,
          lemuel_fruit_fields, uniq_rupert
Lair:5:   hangedman_lair_tendril_chambers, layout_gridlike,
          guppyfry_lair_end_dragon
Spider:1: layout_spider_delve, drop_trap, nicolae_spider_webs_and_nodes,
          uniq_jorgrun
Spider:2: layout_spider_delve, gammafunk_ghost_split
Spider:3: layout_spider_delve
Spider:4: grunt_spider_rune_parallel
Orc:1:    dreamdust_dug_too_deep, layout_caves, nicolae_volcano_entry_s_turn,
          serial_shops, nicolae_square_shop
Orc:2:    pubby_orc_utopia

Skill      XL: |  1  2  3  4  5  6  7  8  9 10 11 12 13 14 15 16 |
---------------+-------------------------------------------------+-----
Unarmed Combat | 1 2 3 5 6 |  6.0
Fighting       | 3 4 6 7 8 10 12 14 | 14.0
Invocations    | 4 7 8 10 14 | 14.0
Armour         | 2 4 6 7 8 |  8.9
Polearms       | 6 8 10 12 14 16 18 | 18.0
Throwing       | 6 8 12 | 12.0
Long Blades    | |  1.0
Dodging        | |  1.5
Stealth        | |  1.5

Action                   |  1- 3 |  4- 6 |  7- 9 | 10-12 | 13-15 | 16-18 || total
-------------------------+-------+-------+-------+-------+-------+-------++-------
Melee: Dagger            |   100 |    11 |       |       |       |       ||   111
       Punch             |     1 |     4 |    11 |    26 |    54 |       ||    96
       Unarmed           |       |   107 |   108 |       |       |       ||   215
       Trident           |       |       |   168 |   717 |   817 |       ||  1702
       Constrict         |       |       |       |       |   201 |    97 ||   298
       Glaive            |       |       |       |       |   469 |   465 ||   934
Throw: Boomerang         |       |     4 |     2 |     5 |     1 |       ||    12
       Stone             |       |    17 |    10 |     8 |       |     6 ||    41
       Dart              |       |     2 |     2 |    17 |     7 |    27 ||    55
Invok: Banish            |       |       |       |     9 |     2 |     3 ||    14
       Corrupt           |       |       |       |       |     1 |     1 ||     2
       Brand Weapon With |       |       |       |       |     1 |       ||     1
 Abil: Spit Poison       |    13 |    18 |    20 |    21 |     5 |     5 ||    82
Evoke: Wand              |       |       |       |     4 |     2 |       ||     6
  Use: Scroll            |       |     9 |     4 |    17 |     3 |     6 ||    39
       Potion            |       |       |       |     1 |       |     9 ||    10
 Stab: Sleeping          |     2 |       |       |     1 |     3 |       ||     6
Armor: Chain mail        |    35 |    27 |   110 |   288 |   480 |       ||   940
       Leather armour    |     3 |       |       |       |       |       ||     3
       Skin              |       |       |       |    75 |    89 |       ||   164
       Plate armour      |       |       |       |       |    50 |   609 ||   659
Dodge: Dodged            |    37 |    59 |    93 |   295 |   337 |   206 ||  1027
Block: Other             |       |       |       |       |   128 |   114 ||   242
       Reflection        |       |       |       |       |     9 |       ||     9

Table legend: (Time is in decaauts)
 A = Elapsed time spent in this place.
 B = Non-inter-level travel time spent in this place.
 C = Inter-level travel time spent in this place.
 D = Time resting spent in this place.
 E = Time spent auto-exploring this place.
 F = Levels seen in this place.
 G = Mean time per level.
                   A        B        C        D        E       F      G
               +--------+--------+--------+--------+--------+-----+--------+
         Total |  37565 |  35004 |   2561 |   9505 |  19080 |  26 | 1444.8 |
       Dungeon |  19436 |  17865 |   1571 |   3989 |  10926 |  15 | 1295.7 |
          Lair |   9341 |   8705 |    636 |   2494 |   4308 |   5 | 1868.2 |
   Spider Nest |   5710 |   5570 |    140 |   2574 |   2082 |   4 | 1427.5 |
  Orcish Mines |   3077 |   2865 |    212 |    447 |   1764 |   2 | 1538.5 |
               +--------+--------+--------+--------+--------+-----+--------+

Top non-repeatable levels by time:
  Lair:3: 2544 daAuts
  Lair:5: 2208 daAuts
   Orc:2: 1997 daAuts
Spider:3: 1956 daAuts
    D:13: 1913 daAuts
     D:8: 1885 daAuts
  Lair:2: 1739 daAuts
Spider:1: 1517 daAuts
Spider:2: 1494 daAuts
    D:11: 1458 daAuts
  Lair:1: 1440 daAuts
     D:7: 1436 daAuts
  Lair:4: 1408 daAuts
     D:4: 1391 daAuts
     D:9: 1369 daAuts
